 Dungeon Crawl Stone Soup version 0.23-a0-449-g8e4cbf7 (webtiles) character file.

5440 galech the Cleaver (level 10, -3/76 HPs)
             Began as a Demonspawn Fighter on Nov 21, 2018.
             Was a Believer of Okawaru.
             Slain by a wolf (5 damage)
             ... led by Grum
             ... on level 8 of the Dungeon.
             The game lasted 00:14:53 (9439 turns).

galech the Cleaver (Demonspawn Fighter)             Turns: 9439, Time: 00:14:54

Health: -3/76      AC:  0    Str: 21    XL:     10   Next: 41%
Magic:  10/10      EV: 16    Int: 11    God:    Okawaru [**....]
Gold:   367        SH:  0    Dex: 15    Spells: 9/9 levels left

rFire    . . .     SeeInvis .   (weapon currently unavailable)
rCold    . . .     Gourm    .   (shield currently unavailable)
rNeg     . . .     Faith    .   (armour currently unavailable)
rPois    .         Spirit   .   (helmet currently unavailable)
rElec    .         Reflect  .   (cloak currently unavailable)
rCorr    .         Harm     .   (gloves currently unavailable)
MR       .....                  (boots currently unavailable)
Stlth    ++++++....             (no amulet)
HPRegen  0.22/turn              (ring currently unavailable)
MPRegen  0.12/turn              (ring currently unavailable)

@: mighty, pig-form, very quick
A: small, nightstalker 3, powered by death 1
a: Heroism, Renounce Religion


You were on level 8 of the Dungeon.
You worshipped Okawaru.
Okawaru was pleased with you.
You were hungry.
You were a filthy swine.
You visited 2 branches of the dungeon, and saw 9 of its levels.
You also visited: Sewer and Ossuary.

You collected 367 gold pieces.

Inventory:

Hand Weapons
 a - a +0 war axe
 b - a +3 war axe (melded)
Armour
 c - a +0 shield (melded)
 l - a +4 scale mail of poison resistance (melded)
 n - a +0 chain mail
 x - a +2 leather armour of cold resistance
 E - a +0 pair of gloves (melded)
Jewellery
 s - a ring of stealth (melded)
 D - an uncursed ring of ice
Wands
 v - a wand of polymorph (12)
 y - a wand of random effects (10)
Scrolls
 g - a scroll of fear
 h - a scroll of fog
 i - 5 scrolls of immolation
 j - 3 scrolls of teleportation
 k - 3 scrolls of amnesia
 w - 3 scrolls of blinking
 A - a scroll of random uselessness {unknown}
 C - 3 scrolls of noise
Potions
 d - 5 potions of might
 e - 2 potions of resistance {unknown}
 m - 8 potions of curing
 o - 3 potions of lignification {unknown}
 p - 3 potions of mutation {unknown}
 q - 11 potions of heal wounds {unknown}
 r - 2 potions of flight {unknown}
 t - 4 potions of brilliance {unknown}
 u - 2 potions of cancellation {unknown}
 z - a potion of degeneration {unknown}
 B - a potion of haste {unknown}
Comestibles
 f - 8 rations
 F - 7 chunks of flesh


   Skills:
 + Level 6.1 Fighting
 + Level 10.0 Axes
 + Level 5.3 Armour
 + Level 3.5 Dodging
 + Level 4.5 Stealth
 + Level 5.8 Shields
 + Level 0.1 Unarmed Combat
 + Level 0.5 Invocations


You had 9 spell levels left.
You didn't know any spells.
Your spell library contained the following spells:

 Spells                   Type           Power        Failure   Level  Hunger
 Animate Skeleton         Necr           N/A          34%         1    ##.....
 Apportation              Tloc           #.....       34%         1    ##.....
 Confusing Touch          Hex            #.....       34%         1    ##.....
 Infusion                 Chrm           #...         34%         1    ##.....
 Shock                    Conj/Air       #...         34%         1    ##.....
 Summon Small Mammal      Summ           #...         34%         1    ##.....
 Shroud of Golubria       Chrm/Tloc      #.........   47%         2    ###....
 Song of Slaying          Chrm           #.......     47%         2    ###....
 Swiftness                Chrm/Air       #.......     47%         2    ###....
 Regeneration             Chrm/Necr      #.........   71%         3    ####...
 Spectral Weapon          Hex/Chrm       #.......     71%         3    ####...
 Static Discharge         Conj/Air       #.......     71%         3    ####...
 Airstrike                Air            #.........   98%         4    #####..
 Lightning Bolt           Conj/Air       #.........   100%        5    ######.


Dungeon Overview and Level Annotations

Branches:
Dungeon (8/15)             Temple (1/1) D:6
   Lair: D:8-11

Altars:
Fedhas
Gozag
Makhleb
Nemelex Xobeh
Okawaru
Qazlal
Ru
Sif Muna
Trog
Uskayaw
Wu Jian
Xom
Zin
The Shining One

Annotations:
D:8 Grum


Innate Abilities, Weirdness & Mutations

((You have a pair of small antennae on your head.))
You are completely attuned to the shadows.
You regenerate a little health from kills.


Message History

The wolf bites you.
* * * LOW HITPOINT WARNING * * *
The wolf bites you but does no damage.
You feel better.
You block the wolf's attack. x2; Grum barely misses you.
You block the wolf's attack. The wolf barely misses you.
You feel very mighty all of a sudden. The wolf misses you.
Grum zaps a wand.
You turn into a filthy swine.
Your +3 war axe melds into your body.
Your +0 pair of gloves melds into your body.
Your +0 shield melds into your body.
Your +4 scale mail of poison resistance melds into your body.
Your ring of stealth melds into your body.
You no longer feel resistant to poison.
The wolf bites you.
* * * LOW HITPOINT WARNING * * *
The wolf bites you!
* * * LOW HITPOINT WARNING * * *
The wolf bites you.
* * * LOW HITPOINT WARNING * * *
Grum closely misses you. The wolf bites you.
You die...

.....##.# #..#.##.###
##........). .....#
#.....##.### .......#
#....##.# # #......<#
####.#.##.###
#......g#
....^..##.)).
#...†.hh# ###.####..).
#.....h.# ##'## #.###
###.#### ##...###.# #
##.#### ##)....##.# #
#.....###.......#.# #
##.....##....(.....###
#.......'.............
##.....##..........#..
#.....###.......#....
###.### ##....÷####..


You could see Grum and 2 wolves.

Vanquished Creatures
  Harold (D:7)
  Joseph (D:7)
  Prince Ribbit (D:6)
  Menkaure (D:7)
  A water moccasin (D:6)
  Duvessa (D:4)
  3 ice beasts
  3 black bears
  2 sky beasts
  2 phantoms
  A wolf (D:8)
  5 ogres
  4 centaurs
  6 bullfrogs
  2 big kobolds
  Dowan (D:4)
  A water moccasin zombie (Ossuary)
  2 scorpions
  4 wights (D:3)
  2 howler monkeys (D:4)
  2 crimson imps
  A jelly (D:5)
  A centaur zombie (D:6)
  3 hounds
  A gnoll shaman (D:7)
  7 orc wizards
  An orc priest (D:4)
  A centaur skeleton (D:6)
  3 bullfrog skeletons
  Ijyb (D:4)
  2 worker ants
  4 big kobold zombies (Ossuary)
  2 mummies (Ossuary)
  3 gnolls (D:7)
  14 adders
  A howler monkey skeleton (D:6)
  4 river rats (Sewer)
  A shadow imp (D:5)
  3 oozes
  5 adder zombies (Ossuary)
  4 adder skeletons
  3 worms
  5 leopard geckos
  22 orcs
  10 ball pythons
  6 giant cockroaches
  2 gnoll zombies (Ossuary)
  9 goblins
  8 hobgoblins
  11 jackals
  2 quokkas
  10 bats
  9 frilled lizards
  4 hobgoblin zombies (Ossuary)
  35 kobolds
  3 kobold zombies (Ossuary)
  2 leopard gecko skeletons (D:4)
  3 orc zombies (Ossuary)
  30 rats
  3 plants (D:4)
285 creatures vanquished.

Vanquished Creatures (others)
  A kobold (D:4)
  A plant (D:4)
2 creatures vanquished.

Grand Total: 287 creatures vanquished

Notes
Turn   | Place    | Note
-------+----------+-------------------------------------------
     0 | D:1      | galech the Demonspawn Fighter began the quest for the Orb.
     0 | D:1      | Reached XP level 1. HP: 18/18 MP: 1/1
   181 | D:1      | Gained mutation: You regenerate a little health from kills.
                  | [demonic ancestry]
   181 | D:1      | Reached XP level 2. HP: 22/24 MP: 2/2
   211 | D:1      | Reached skill level 2 in Axes
   619 | D:2      | Gained mutation: You are slightly more attuned to the
                  | shadows. [demonic ancestry]
   619 | D:2      | Reached XP level 3. HP: 29/29 MP: 3/3
  1147 | D:2      | Noticed an ice beast
  1161 | D:2      | Killed an ice beast
  1161 | D:2      | Reached skill level 3 in Axes
  1161 | D:2      | Gained mutation: You are significantly more attuned to the
                  | shadows. [demonic ancestry]
  1161 | D:2      | Reached XP level 4. HP: 18/35 MP: 4/4
  1161 | D:2      | Reached XP level 5. HP: 21/41 MP: 5/5
  1891 | D:3      | Reached skill level 4 in Axes
  1897 | D:3      | Gained mutation: You are completely attuned to the shadows.
                  | [demonic ancestry]
  1897 | D:3      | Reached XP level 6. HP: 40/47 MP: 6/6
  1900 | D:3      | Reached skill level 1 in Dodging
  2547 | D:3      | Noticed a sky beast
  2565 | D:3      | Killed a sky beast
  2565 | D:3      | Reached XP level 7. HP: 22/53 MP: 7/7
  3534 | D:4      | Found a hide-covered altar of Uskayaw.
  3553 | D:4      | Reached skill level 5 in Axes
  3682 | D:4      | Found a burning altar of Makhleb.
  3682 | D:4      | Found a glowing drain.
  3683 | D:4      | Found an opulent altar of Gozag.
  3690 | Sewer    | Entered a sewer
  4094 | Sewer    | Reached skill level 1 in Stealth
  4199 | D:4      | Found a sparkling altar of Nemelex Xobeh.
  4207 | D:4      | Found a deep blue altar of Sif Muna.
  4219 | D:4      | Found a bloodstained altar of Trog.
  4289 | D:4      | Noticed Ijyb
  4318 | D:4      | Killed Ijyb
  4318 | D:4      | Reached skill level 6 in Axes
  4318 | D:4      | Reached XP level 8. HP: 37/60 MP: 8/8
  4450 | D:4      | Noticed Dowan
  4450 | D:4      | Noticed Duvessa
  4462 | D:4      | Killed Duvessa
  4466 | D:4      | Killed Dowan
  5059 | D:5      | Entered Level 5 of the Dungeon
  5182 | D:5      | Reached skill level 7 in Axes
  5445 | D:5      | Found a sand-covered staircase.
  5449 | Ossuary  | Entered an ossuary
  6200 | D:6      | Gained mutation: You have a pair of small antennae on your
                  | head. [demonic ancestry]
  6200 | D:6      | Reached XP level 9. HP: 64/66 MP: 9/9
  6207 | D:6      | Reached skill level 5 in Shields
  6256 | D:6      | Reached skill level 8 in Axes
  6283 | D:6      | Reached skill level 5 in Fighting
  6580 | D:6      | Found a staircase to the Ecumenical Temple.
  6663 | Temple   | Entered the Ecumenical Temple
  6796 | Temple   | Became a worshipper of Warmaster Okawaru
  6889 | D:6      | Reached skill level 5 in Armour
  6962 | D:6      | Noticed Prince Ribbit
  6969 | D:6      | Killed Prince Ribbit
  7410 | D:6      | Reached * piety under Okawaru
  7537 | D:7      | Reached skill level 9 in Axes
  7634 | D:7      | Noticed Menkaure
  7642 | D:7      | Killed Menkaure
  7929 | D:7      | Noticed Joseph
  7938 | D:7      | Noticed Harold
  8172 | D:7      | Reached XP level 10. HP: 70/76 MP: 10/10
  8358 | D:7      | Killed Harold
  8358 | D:7      | Reached ** piety under Okawaru
  8963 | D:7      | Killed Joseph
  9392 | D:8      | Reached skill level 10 in Axes
  9420 | D:8      | Noticed Grum
  9439 | D:8      | HP: 2/76 [wolf[Grum] (4)]
  9439 | D:8      | Slain by a wolf

Vault maps used:
D:1:      sevenhm_arrival_forest_fort_large_4, minmay_pentomino_r2
D:2:      kennysheep_six_static_rooms, minmay_bisected
D:4:      kennysheep_kobold_camp, lemuel_crystal_altar,
          grunt_temple_overflow_open, portal_sewer_entry_a, first_ration,
          uniq_ijyb, uniq_duvessa
D:5:      lightli_ossuary_entry_decrepit_ruins
D:6:      minmay_temple_entry_statues, uniq_prince_ribbit1
D:7:      uniq_joseph, uniq_harold, uniq_menkaure
D:8:      old_standard_altar, hangedman_ranch, uniq_grum
Temple:   regret_index_temple_generic_petals
Sewer:    sewer_minmay_treatment
Ossuary:  ossuary_tomb_2

Skill      XL: |  1  2  3  4  5  6  7  8  9 10 |
---------------+-------------------------------+-----
Shields        | 3 4 5 |  5.8
Axes           | 2 3 4 6 7 9 10 | 10.0
Armour         | 3 4 5 |  5.3
Dodging        | 1 2 3 |  3.5
Fighting       | 4 5 6 |  6.1
Stealth        | 1 2 4 |  4.5
Unarmed Combat | |  0.1
Invocations    | |  0.5

Action                   |  1- 3 |  4- 6 |  7- 9 | 10-12 || total
-------------------------+-------+-------+-------+-------++-------
Melee: War axe           |   139 |   143 |   509 |   115 ||   906
       Unarmed           |       |       |    19 |       ||    19
Invok: Heroism           |       |       |     1 |     1 ||     2
  Use: Potion            |     1 |     1 |     3 |     2 ||     7
       Scroll            |       |       |    11 |       ||    11
 Stab: Sleeping          |       |     1 |    32 |     5 ||    38
       Distracted        |       |       |     1 |     1 ||     2
  Eat: Chunk             |     1 |     5 |    14 |     5 ||    25
       Ration            |       |       |     1 |       ||     1
Armor: Scale mail        |    70 |       |       |    44 ||   114
       Chain mail        |    18 |    97 |   105 |       ||   220
       Leather armour    |       |       |    67 |       ||    67
Dodge: Dodged            |    43 |    31 |   155 |    55 ||   284
Block: Shield            |    63 |    75 |   249 |    59 ||   446

Table legend:
 A = Non-vault XP
 B = Vault XP
 C = Vault XP percentage of total XP
 D = Non-vault monster count
 E = Vault monster count
 F = Vault count percentage of total count
                 A         B        C        D         E       F
            +---------+---------+-------+---------+---------+-------
      Total |    4747 |    3025 |  38.9 |     168 |     114 |  40.4
            +---------+---------+-------+---------+---------+-------
        D:1 |      38 |       2 |   5.0 |      24 |       2 |   7.7
        D:2 |      60 |     172 |  74.1 |      20 |       9 |  31.0
        D:3 |     553 |       0 |   0.0 |      23 |       0 |   0.0
        D:4 |     457 |     384 |  45.7 |      24 |      26 |  52.0
        D:5 |     562 |       0 |   0.0 |      16 |       0 |   0.0
        D:6 |    1680 |     291 |  14.8 |      27 |       1 |   3.6
        D:7 |     878 |    1585 |  64.4 |      20 |       3 |  13.0
        D:8 |     519 |     119 |  18.7 |      14 |       1 |   6.7
      Sewer |       0 |     218 | 100.0 |       0 |      48 | 100.0
    Ossuary |       0 |     254 | 100.0 |       0 |      24 | 100.0
            +---------+---------+-------+---------+---------+-------
